Map: [ESL] Royal Blood

Players

Wayne

  • Race: Zerg Zerg
  • Spawn Location: 7:00

AqueroN - Winner!

  • Race: Terran Terran
  • Spawn Location: 1:00

Event: ESL SC2 Masters 2023 Summer (Regionals)

VOD

Have the link to the VOD?

Description

Time

  • Played on: May 14, 2023, 11:34 a.m.
  • Length: 10:07

All games in this series

Show
View Real Time Build Order
Export as new Build Order

Wayne Zerg 

Build Orders: Hatch First 

Get SALT Encoding   

  12  0:00  Drone  
  13  0:12  Overlord  
  13  0:17  Drone  
  14  0:30  Drone x2  
  16  0:47  Hatchery  
  15  0:50  Drone  
  15  0:54  Drone  
  17  0:57  Drone  
  18  1:07  Extractor  
  17  1:12  Spawning Pool  
  17  1:15  Drone  
  17  1:18  Drone  
  18  1:28  Drone  
  19  1:38  Drone  
  20  1:49  Drone  
  21  1:59  Queen x2  
  21  2:00  Zergling x4  
  27  2:12  Overlord  
  27  2:14  Drone  
  28  2:23  Hatchery  
  28  2:24  Drone  
  28  2:31  Drone x2  
  28  2:33  Drone  
  30  2:38  Queen  
  32  2:46  Overlord  
  32  2:48  Metabolic Boost  
  33  2:51  Drone  
  33  2:53  Drone  
  33  2:54  Drone  
  35  3:04  Queen  
  37  3:07  Drone x3  
  40  3:15  Overlord  
  40  3:16  Drone  
  40  3:18  Queen  
  43  3:34  Drone x4  
  47  3:36  Queen  
  47  3:40  Overlord  
  49  3:44  Zergling x4  
  49  3:46  Drone x4  
  55  3:53  Overlord x2  
  55  4:00  Drone x3  
  58  4:05  Queen  
  60  4:10  Overlord  
  60  4:15  Zergling x6  
  60  4:16  Drone x3  
  66  4:22  Lair  
  66  4:27  Extractor  
  66  4:29  Baneling Nest  
  66  4:30  Drone x5  
  69  4:37  Drone x5  
  69  4:38  Drone  
  75  4:41  Extractor, Spore Crawler  
  75  4:43  Spore Crawler  
  75  4:45  Spore Crawler  
  71  4:48  Drone  
  71  4:49  Drone  
  73  4:55  Overlord  
  73  4:56  Drone x2  
  73  4:58  Drone x2  
  77  5:01  Queen  
  77  5:05  Overlord  
  79  5:08  Drone  
  79  5:09  Extractor, Drone x2  
  79  5:11  Zergling x2  
  82  5:17  Overlord  
  82  5:18  Baneling  
  82  5:19  Baneling x2  
  82  5:21  Zergling x8  
  82  5:22  Spire  
  82  5:25  Zergling x6  
  87  5:35  Spore Crawler x2  
  85  5:38  Drone x3  
  85  5:41  Queen  
  88  5:44  Zergling x10  
  90  5:50  Overlord  
  88  5:57  Overlord  
  88  6:00  Overlord  
  88  6:01  Zergling x12  
  93  6:12  Drone x4  
  93  6:14  Drone x2  
  93  6:15  Extractor x2  
  97  6:36  Mutalisk x5  
  107  6:42  Zergling x4  
  109  6:50  Overlord  
  109  6:51  Hatchery  
  109  6:52  Mutalisk x3  
  109  6:55  Zergling x14  
  116  7:02  Baneling  
  116  7:05  Overlord  
  116  7:06  Queen, Zergling x4  
  116  7:07  Queen  
  121  7:14  Zergling x12  
  127  7:15  Baneling x4  
  127  7:16  Baneling  
  127  7:24  Overlord  
  127  7:25  Zergling x4  
  126  7:32  Baneling x5  
  126  7:34  Overlord  
  126  7:37  Zergling x6  
  108  7:44  Queen, Zergling x16  
  103  7:52  Baneling x4  
  103  7:58  Zergling x4  
  96  8:03  Queen x2  
  86  8:08  Zergling x10  
  86  8:11  Baneling  
  84  8:18  Zergling x6  
  78  8:32  Zergling x14  
  78  8:33  Zergling x4  
  71  8:41  Zergling x4  
  52  8:53  Drone  
  34  9:17  Drone x3  
  37  9:32  Zergling x14  
  37  9:38  Baneling Nest  
  45  9:47  Zergling x6  
Show
View Real Time Build Order
Export as new Build Order

AqueroN Terran - Winner!

Build Orders: Hellion Opening, Reaper Expand 

Get SALT Encoding   

  12  0:00  SCV  
  13  0:12  SCV  
  14  0:17  Supply Depot  
  14  0:24  SCV  
  15  0:39  SCV  
  15  0:41  Barracks  
  16  0:43  Refinery  
  16  0:51  SCV  
  17  1:03  SCV  
  18  1:15  SCV  
  19  1:28  Orbital Command, Reaper  
  20  1:39  Command Center  
  20  1:49  Supply Depot  
  20  1:53  SCV  
  21  1:59  Marine  
  22  2:05  SCV  
  22  2:08  Factory  
  23  2:15  Refinery  
  23  2:17  SCV  
  23  2:20  Barracks Reactor  
  25  2:30  SCV  
  25  2:42  SCV  
  26  2:51  Orbital Command  
  26  2:54  SCV, Starport  
  27  3:03  Hellion x2  
  31  3:06  SCV  
  32  3:17  Marine  
  32  3:18  SCV x2  
  35  3:24  Supply Depot  
  35  3:25  Hellion x2  
  39  3:30  SCV x2  
  41  3:36  Fusion Core  
  41  3:39  Barracks Tech Lab  
  41  3:42  SCV x2  
  43  3:49  Hellion x2  
  43  3:54  SCV x2  
  49  3:58  Supply Depot  
  52  4:06  SCV  
  52  4:09  SCV  
  51  4:18  Hellion  
  51  4:19  Supply Depot  
  51  4:20  Hellion  
  51  4:24  Battlecruiser  
  61  4:30  SCV  
  62  4:35  Supply Depot  
  62  4:36  Barracks Tech Lab  
  62  4:41  SCV  
  62  4:45  SCV  
  64  4:47  Barracks  
  64  4:48  Barracks  
  64  4:53  SCV  
  64  4:54  Refinery  
  64  4:55  Factory Reactor, Supply Depot  
  64  4:58  Stimpack  
  64  4:59  Marine  
  66  5:02  Barracks  
  66  5:06  Barracks  
  66  5:08  Supply Depot  
  66  5:15  Engineering Bay  
  66  5:16  Marine  
  67  5:21  SCV x2  
  69  5:34  Marine  
  69  5:35  Marine x2  
  70  5:39  Starport Reactor, Supply Depot  
  72  5:46  Marine  
  72  5:47  Marine  
  74  5:50  Siege Tank  
  74  5:51  Marine  
  74  5:52  Marine  
  74  5:53  Marine x3  
  74  5:55  Supply Depot  
  74  5:56  Supply Depot  
  76  6:00  Terran Infantry Weapons Level 1  
  76  6:04  Marine x2  
  76  6:09  Marine  
  76  6:10  Marine  
  76  6:11  Marine x3  
  81  6:12  Supply Depot  
  81  6:15  Medivac  
  81  6:18  Medivac  
  87  6:22  Marine x2  
  89  6:26  Marine, Siege Tank  
  89  6:30  Marine x2  
  95  6:38  Combat Shield  
  95  6:39  Marine x2  
  97  6:40  Marine x2  
  97  6:45  Medivac  
  101  6:53  Marine x3  
  100  6:57  Marine x2  
  100  6:58  Marine  
  103  7:03  Siege Tank  
  103  7:04  Marine  
  107  7:10  Marine  
  107  7:11  Marine x2  
  107  7:14  Marine, Medivac  
  107  7:15  Marine  
  114  7:16  Marine  
  114  7:18  Missile Turret  
  115  7:24  Marine  
  115  7:28  Marine x2  
  115  7:29  Marine  
  119  7:32  Marine x2  
  119  7:33  Marine  
  120  7:42  Marine  
  103  7:48  Marine x3  
  103  7:50  Marine x2  
  101  7:51  Marine  
  97  8:00  Marine  
  89  8:05  Marine x2  
  89  8:06  Marine  
  89  8:12  Marine x3  
  85  8:18  Marine  
  83  8:20  Medivac x2  
  83  8:23  Marine x3  
  87  8:30  Marine x3  
  85  8:35  Marine  
  70  8:41  Marine  
  70  8:45  Marine x2  
  70  8:47  Marine x2  
  61  8:54  Marine x2  
  54  8:59  Marine  
  51  9:03  Marine x2  
  52  9:12  Marine x2  
  52  9:13  Marine  
  52  9:16  Marine  
  54  9:19  Marine  
  54  9:23  Marine  
  56  9:27  Marine  
  56  9:30  Marine x2  
  59  9:37  Marine x2  
  61  9:39  Marine  
  61  9:45  Marine x2  
Tags
 
Add a new tag
Caveats
  • Supply blocks, unpowered buildings, or Contaminate may cause inaccurate times.
  • Supply counts are checked every 10 seconds.